 Dungeon Crawl Stone Soup version 0.31-a0-609-g7bf6ffcfed (webtiles) character file.

Game seed: 3532857741085808539

7230 Newt the Markskobold (level 11, -3/61 HPs)
             Began as a Kobold Hunter on Aug 18, 2023.
             Was a Priest of Hepliaklqana.
             Succumbed to barbed spike wounds
             ... on level 9 of the Dungeon on Aug 21, 2023.
             The game lasted 00:11:13 (9036 turns).

Newt the Markskobold (Kobold Hunter)                Turns: 9036, Time: 00:11:13

Health: -3/61      AC: 15    Str: 10    XL:     11   Next: 33%
Magic:  11/11      EV: 15    Int: 10    God:    Hepliaklqana [***...]
Gold:   57         SH:  0    Dex: 22    Spells: 10/10 levels left

rFire   . . .        a - +0 shortbow
rCold   . . .        (shield currently unavailable)
rNeg    . . .        B - +5 scale mail of the Shrike {Slay+3}
rPois   .            k - +2 helmet
rElec   .            (no cloak)
rCorr   .            (no gloves)
SInv    .            d - +0 pair of boots
Will    .....        p - amulet of faith
Stlth   ++           w - ring of flight
HPRegen 0.30/turn    (no ring)
MPRegen 0.12/turn

%: faith
@: spiked, flying
A: reduced essence, small, no large weapons, nightstalker 3
a: Renounce Religion, Recall Ancestor, Ancestor Identity, Transference


You were on level 9 of the Dungeon.
You worshipped Hepliaklqana.
Hepliaklqana was most pleased with you.
You visited 2 branches of the dungeon, and saw 10 of its levels.

You collected 441 gold pieces.
You spent 384 gold pieces at shops.

Inventory:

Hand Weapons
 a - a +0 shortbow (weapon)
 j - a +0 club
 y - the +5 dagger of Stickiness {drain, rElec Will+ Str+3 Stlth+}
   (You found it on level 4 of the Dungeon)

   Str+3:     It affects your strength (+3).
   rElec:     It insulates you from electricity.
   Will+:     It increases your willpower.
   Stlth+:    It makes you more stealthy.
Armour
 c - a +0 leather armour
 d - a +0 pair of boots (worn)
 k - a +2 helmet (worn)
 q - a +2 robe of resistance
 B - the +5 scale mail of the Shrike (worn) {Slay+3}
   (You bought it in a shop on level 6 of the Dungeon)

   Slay+3:    It affects your accuracy & damage with ranged weapons and melee
   (+3).
 C - a +1 leather armour of fire resistance
Jewellery
 p - an amulet of faith (around neck)
 u - an amulet of magic regeneration
 w - a ring of flight (left hand)
Wands
 i - a wand of flame (26)
 r - a wand of mindburst (5)
Scrolls
 e - 3 scrolls of amnesia
 l - 2 scrolls of noise
 m - a scroll of enchant armour
 o - a scroll of fog
 s - 2 scrolls of vulnerability
 t - a scroll of enchant weapon
 v - 2 scrolls of teleportation
 x - 2 scrolls of identify
 A - a scroll of poison
Potions
 b - 2 potions of mutation
 f - 2 potions of cancellation
 g - 2 potions of attraction
 n - 2 potions of might


   Skills:
 - Level 8.0 Fighting
 - Level 18.0 Ranged Weapons
 + Level 8.5 Dodging
 - Level 1.3 Stealth


You had 10 spell levels left.
You didn't know any spells.
Your spell library contained the following spells:

 Spells                   Type           Power      Damage    Failure   Level
 Apportation              Tloc           0%         N/A       95%         1
 Necrotise                Necr           0%         1d4       95%         1
 Sandblast                Erth           0%         2d4       95%         1
 Summon Small Mammal      Summ           0%         N/A       95%         1
 Passwall                 Tmut/Erth      0%         N/A       99%         2
 Ignite Poison            Fire/Tmut/Pois 0%         N/A       100%        3
 Inner Flame              Hex/Fire       0%         N/A       100%        3
 Stone Arrow              Conj/Erth      0%         3d7       100%        3
 Flame Wave               Conj/Fire      0%         2d4       100%        4
 Sticky Flame             Conj/Fire      0%         2d3       100%        4
 Summon Ice Beast         Ice/Summ       0%         N/A       100%        4
 Borgnjor's Vile Clutch   Necr/Erth      0%         N/A       100%        5
 Ignition                 Fire           0%         3d3       100%        8
 Polar Vortex             Ice            0%         N/A       100%        9


Dungeon Overview and Level Annotations

Branches:
Dungeon (9/15)             Temple (1/1) D:6
   Lair: D:8-11         Orc: D:9-12

Altars:
Ashenzari
Cheibriados
Dithmenos
Elyvilon
Fedhas
Gozag
Hepliaklqana
Kikubaaqudgha
Makhleb
Nemelex Xobeh
Okawaru
Qazlal
Ru
Sif Muna
Trog
Uskayaw
Vehumet
Wu Jian
Xom
Yredelemnul
The Shining One

Shops:
D:6 *   D:7 !*:?   D:8 *

Annotations:
D:4 1 runed translucent door, ytrimaz's ghost, amateur OpSh


Innate Abilities, Weirdness & Mutations

Your life essence is reduced to manifest your ancestor. (-10% HP)
You are small and have problems with some larger weapons.
You are completely attuned to the shadows.


Message History

The troll barely misses you. The troll claws you!
* * * LOW HITPOINT WARNING * * *
Okay, then.
Okay, then.
You feel better. The troll closely misses you.
The troll claws you but does no damage. The troll misses you.
You shoot an arrow. The arrow hits the troll.
The troll is lightly wounded.
The troll barely misses you. The troll claws you.
* * * LOW HITPOINT WARNING * * *
The troll barely misses you.
Aiming: Mindburst
Press: ? - help, Shift-Dir - straight line, f/p - troll
Aim: a troll (lightly wounded, chance to affect: 64%)
The troll's mind is blasted!!
The troll bites you but does no damage. The troll closely misses you. x2
Unknown command.
Unknown command.
Aiming: Mindburst
Press: ? - help, Shift-Dir - straight line, f/p - troll
Aim: a troll (heavily wounded, chance to affect: 64%)
The troll's mind is blasted!
The troll bites you but does no damage. The troll misses you.
The troll completely misses you.
Unknown command.
Unknown command.
You shoot an arrow. The arrow hits the troll!!
You kill the troll!
Unknown command.
You start resting.
A manticore comes into view.
A manticore is nearby!
The manticore flicks its tail.
The volley of spikes misses you.
There is a stone staircase leading up here.
The manticore flicks its tail.
The volley of spikes hits you!
The barbed spikes become lodged in your body.
* * * LOW HITPOINT WARNING * * *
The barbed spikes dig painfully into your body as you move.
You die...

#.....).#
#.####..#
#.#.....#
#.#...###
#.##....#
#...[##.#
#########.#
#######.........#
#...H..@#########
###.######
#.#....>..
#.###.###.
#R#)#.# #○#..#
#.#### ###


You could see a manticore.

Vanquished Creatures
  Pikel (D:6)
  A cyclops (D:9)
  Joseph (D:8)
  Maggie (D:7)
  An efreet (D:9)
  A troll (D:9)
  Sigmund (D:3)
  A shadow (D:9)
  6 yaks (D:8)
  A water moccasin (D:6)
  Duvessa (D:5)
  An ice beast (D:6)
  An ogre (D:7)
  4 wolves (D:8)
  2 phantoms (D:5)
  3 centaurs
  3 kobold brigands
  3 bullfrogs
  A wyvern zombie (D:8)
  3 scorpions
  2 wights (D:7)
  Dowan (D:5)
  8 killer bees
  3 howler monkeys
  5 centaur zombies (D:8)
  2 jellies
  2 hounds (D:6)
  2 gnoll boudas (D:5)
  9 iguanas
  A sleepcap (D:6)
  Ijyb (D:3)
  Terence (D:3)
  2 orc wizards
  A killer bee zombie (D:8)
  The ghost of wormstring the Sneak, a weakling KoDe (D:3)
  Robin (D:2)
  A howler monkey zombie (D:8)
  17 gnolls
  4 adders
  A shadow imp (D:7)
  2 white imps (D:7)
  An ufetubus (D:7)
  2 worms
  2 dart slugs
  10 orcs
  5 ball pythons
  5 endoplasms
  A giant cockroach (D:1)
  14 goblins
  5 hobgoblins
  3 quokkas
  4 bats
  2 frilled lizards
  19 kobolds
  2 rats (D:1)
179 creatures vanquished.

Vanquished Creatures (collateral kills)
  Grum (D:8)
  An ice beast (D:7)
  2 centaurs
  A lemure (D:6)
  A scorpion (D:7)
  A gnoll sergeant (D:8)
  3 wights (D:7)
  3 killer bees
  2 gnolls
  An orc (D:8)
  5 kobolds (D:8)
21 creatures vanquished.

Vanquished Creatures (others)
  2 knights
  An ancestor (D:6)
3 creatures vanquished.

Grand Total: 203 creatures vanquished

Notes
Turn   | Place    | Note
-------+----------+-------------------------------------------
     0 | D:1      | Newt the Kobold Hunter began the quest for the Orb.
     0 | D:1      | Reached XP level 1. HP: 12/12 MP: 1/1
    27 | D:1      | Reached XP level 2. HP: 15/18 MP: 2/2
   245 | D:1      | Reached XP level 3. HP: 23/23 MP: 3/3
   262 | D:1      | Found a faded altar of an unknown god.
   974 | D:2      | Noticed Robin
   993 | D:2      | Killed Robin
   994 | D:2      | Reached XP level 4. HP: 19/30 MP: 4/4
  1743 | D:3      | Noticed Sigmund
  1748 | D:3      | Killed Sigmund
  1749 | D:3      | Reached skill level 5 in Fighting
  1749 | D:3      | Reached skill level 7 in Ranged Weapons
  1749 | D:3      | Reached XP level 5. HP: 29/35 MP: 5/5
  1749 | D:3      | Reached XP level 6. HP: 34/40 MP: 6/6
  1966 | D:3      | Found a runed translucent door.
  1969 | D:3      | Noticed wormstring's ghost (weakling KoDe)
  2036 | D:3      | Noticed Terence
  2040 | D:3      | Noticed Ijyb
  2062 | D:3      | Killed Terence
  2069 | D:3      | Killed Ijyb
  2265 | D:3      | Reached skill level 8 in Ranged Weapons
  2277 | D:3      | Killed wormstring's ghost
  2500 | D:4      | Reached XP level 7. HP: 44/44 MP: 7/7
  2751 | D:4      | Found a runed translucent door.
  2752 | D:4      | Noticed ytrimaz's ghost (amateur OpSh)
  3215 | D:4      | Reached skill level 9 in Ranged Weapons
  3373 | D:4      | Identified the +5 whip of the Shoals {vamp, Int+5 Stlth+}
  3376 | D:4      | Identified the +5 dagger of Stickiness {drain, rElec Will+
                  | Str+3 Stlth+}
  3429 | D:5      | Entered Level 5 of the Dungeon
  3952 | D:5      | Got the Vellum of Sciomancy and the Deep Freeze
  3983 | D:5      | Reached skill level 10 in Ranged Weapons
  4110 | D:5      | Reached XP level 8. HP: 49/49 MP: 8/8
  4137 | D:5      | Reached skill level 5 in Dodging
  4173 | D:5      | Noticed Dowan
  4173 | D:5      | Noticed Duvessa
  4343 | D:6      | Found a staircase to the Ecumenical Temple.
  4371 | Temple   | Entered the Ecumenical Temple
  4389 | Temple   | Became a worshipper of Hepliaklqana the Forgotten
  4465 | D:6      | Found Dukaaweq's Assorted Antiques.
  4468 | D:6      | Bought a scroll labelled RAMIOS CUFIEF for 27 gold pieces
  4468 | D:6      | Bought a slimy scale mail for 243 gold pieces
  4468 | D:6      | Identified the +5 scale mail of the Shrike {Slay+3} (You
                  | bought it in a shop on level 6 of the Dungeon)
  4648 | D:6      | Reached skill level 11 in Ranged Weapons
  4696 | D:6      | Identified the +1 pair of boots of a Labyrinth {Slay+2}
  4833 | D:6      | Reached * piety under Hepliaklqana
  4841 | D:6      | Noticed Pikel
  4882 | D:6      | Killed Pikel
  4883 | D:6      | Reached skill level 13 in Ranged Weapons
  4883 | D:6      | Reached XP level 9. HP: 17/48 MP: 9/9
  5076 | D:6      | Found a bloodstained altar of Trog.
  5299 | D:5      | Killed Duvessa
  5312 | D:5      | Killed Dowan
  5517 | D:5      | Reached skill level 14 in Ranged Weapons
  5840 | D:7      | Found Wynibbo's General Store.
  5846 | D:7      | Bought a scroll of identify for 24 gold pieces
  5856 | D:7      | Reached ** piety under Hepliaklqana
  5857 | D:7      | Remembered your ancestor Ankherfenedjef as a knight
  5986 | D:7      | Found Mitetic's Magic Scroll Shop.
  6101 | D:7      | Noticed Maggie
  6110 | D:7      | Killed Maggie
  6111 | D:7      | Reached XP level 10. HP: 7/57 MP: 10/10
  6291 | D:7      | Found Achug's Distillery.
  6377 | D:7      | Found a faded altar of an unknown god.
  6382 | D:7      | Found a burning altar of Makhleb.
  6384 | D:7      | Found a faded altar of an unknown god.
  6385 | D:7      | Found a radiant altar of Vehumet.
  6399 | D:7      | Found a glowing golden altar of the Shining One.
  6536 | D:7      | Found Dalah's Book Boutique.
  6736 | D:7      | Reached skill level 15 in Ranged Weapons
  6895 | D:7      | Bought a scroll of enchant weapon for 90 gold pieces
  6971 | D:8      | Found a blossoming altar of Fedhas.
  7060 | D:8      | Reached skill level 16 in Ranged Weapons
  7060 | D:8      | HP: 2/57 [centaur (5)]
  7496 | D:8      | Found a basalt altar of Yredelemnul.
  7508 | D:8      | Upgraded the game from 0.31-a0-574-g69dc8cc98e to
                  | 0.31-a0-609-g7bf6ffcfed
  7652 | D:8      | Noticed Joseph
  7657 | D:8      | Killed Joseph
  7658 | D:8      | Reached skill level 17 in Ranged Weapons
  7981 | D:8      | Reached XP level 11. HP: 61/61 MP: 11/11
  8059 | D:8      | Found Emopleghe's Overcharged Wands.
  8113 | D:8      | Noticed Grum
  8118 | D:8      | Killed Grum
  8230 | D:8      | Reached *** piety under Hepliaklqana
  8476 | D:8      | You are sucked into a shaft and drop 1 floor!
  8526 | D:8      | Found an ornate altar of the Wu Jian Council.
  8610 | D:8      | Reached skill level 18 in Ranged Weapons
  8926 | D:9      | Noticed a cyclops
  8936 | D:9      | Killed a cyclops
  9012 | D:9      | HP: 2/61 [troll (8)]
  9032 | D:9      | Noticed a manticore
  9035 | D:9      | HP: 3/61 [manticore/volley of spikes (11)]
  9036 | D:9      | Succumbed to barbed spike wounds

Illustrated notes

Levels and vault maps discovered:
D:1:      spicycebolla_green_bress_n_ham_2, layout_rooms,
          chequers_ecumenical_altar_island
D:2:      layout_basic, uniq_robin
D:3:      layout_rooms, ebering_ghost_sewer_d, guppyfry_early_lair_pool,
          uniq_terence, uniq_sigmund, uniq_ijyb
D:4:      layout_basic, gammafunk_ghost_grave, kennysheep_generic_room_16
D:5:      layout_gridville, lightli_corner_chamber, uniq_duvessa
D:6:      layout_cave_pools, trog_book, minmay_temple_entry_offerings,
          serial_shops, kennysheep_mini_moat, uniq_pikel
D:7:      layout_loops_cross, chequers_temple_overflow_minitemple, serial_shops,
          nicolae_shop_advertising_works [nicolae_subvault_shop_adworks], shop,
          nicolae_shop_industrial_runoff, shop, uniq_maggie
D:8:      layout_cave_pods, pdpol_wu_jian_five_deadly_venoms,
          fedhas_bush_and_centaur_altar, nicolae_yredelemnul_corpse_copse,
          serial_column_ruins, column_ruins_hut, column_ruins_circle_medium,
          column_ruins_corridor_dead_end, column_ruins_columns_corner,
          column_ruins_grid_2, column_ruins_open_small, column_ruins_open_small,
          column_ruins_columns_dead_end, nicolae_shop_overcharged_wands,
          uniq_joseph, uniq_grum
D:9:      minmay_chopped_fan, layout_basic, zin_statuary
Temple:   jpeg_temple_clearing

Skill      XL: |  1  2  3  4  5  6  7  8  9 10 11 |
---------------+----------------------------------+-----
Fighting       | 3 4 5 8 |  8.0
Ranged Weapons | 7 8 10 13 14 17 18 | 18.0
Dodging        | 4 6 8 |  8.5
Stealth        | |  1.3

Action                     |  1- 3 |  4- 6 |  7- 9 | 10-12 || total
---------------------------+-------+-------+-------+-------++-------
   Fire: Shortbow          |    75 |    77 |   297 |   265 ||   714
 Invoke: Ancestor Life: Kn |       |       |     1 |       ||     1
         Recall Ancestor   |       |       |       |     2 ||     2
  Evoke: Wand              |       |       |       |     2 ||     2
    Use: Scroll            |     2 |     6 |    11 |       ||    19
         Potion            |       |     1 |     4 |     4 ||     9
 Armour: Leather armour    |     5 |     5 |       |       ||    10
         Robe              |       |     8 |    18 |       ||    26
         Scale mail        |       |       |    43 |    55 ||    98
  Dodge: Dodged            |    19 |    26 |   135 |   114 ||   294

Table legend: (Time is in decaauts)
 A = Elapsed time spent in this place.
 B = Non-inter-level travel time spent in this place.
 C = Inter-level travel time spent in this place.
 D = Time resting spent in this place.
 E = Time spent auto-exploring this place.
 F = Levels seen in this place.
 G = Mean time per level.
                   A        B        C        D        E       F      G
               +--------+--------+--------+--------+--------+-----+--------+
         Total |   9055 |   8689 |    366 |   1685 |   5789 |  10 |  905.5 |
       Dungeon |   9018 |   8687 |    331 |   1685 |   5789 |   9 | 1002.0 |
        Temple |     36 |      1 |     35 |      0 |      0 |   1 |   36.0 |
               +--------+--------+--------+--------+--------+-----+--------+

Top non-repeatable levels by time:
     D:8: 1885 daAuts
     D:5: 1264 daAuts
     D:6: 1092 daAuts
     D:7: 1085 daAuts
     D:2: 1000 daAuts
     D:3: 992 daAuts
     D:4: 892 daAuts
     D:1: 577 daAuts
     D:9: 227 daAuts
  Temple: 36 daAuts
